 Dungeon Crawl Stone Soup version 0.28.0-49-g6dfe1f597d (webtiles) character file.

Game seed: 6955803437550518024

670 Zeld the Chiller (level 7, -2/50 HPs)
             Began as a Ghoul Ice Elementalist on May 13, 2022.
             Was an Initiate of Vehumet.
             Slain by an adder (4 damage)
             ... on level 5 of the Dungeon.
             The game lasted 00:09:00 (7214 turns).

Zeld the Chiller (Ghoul Ice Elementalist)           Turns: 7214, Time: 00:09:01

Health: -2/50      AC:  5    Str: 12    XL:     7   Next: 58%
Magic:  8/12       EV: 12    Int: 12    God:    Vehumet [......]
Gold:   128        SH:  0    Dex:  9    Spells: 3/14 levels left

rFire   . . .      SeeInvis .   (no weapon)
rCold   + . .      Faith    .   (no shield)
rNeg    + + +      Spirit   .   s - +1 leather armour "Echemaim" {Regen+}
rPois   ∞          Reflect  .   (no helmet)
rElec   .          Harm     .   (no cloak)
rCorr   +          Rampage  .   (no gloves)
Will    .....                   i - +0 pair of boots
Stlth   +.........              (no amulet)
HPRegen 0.00/turn               c - ring of resist corrosion
MPRegen 0.13/turn               e - ring of wizardry

@: freezing walls, inhibited regen
A: claws 1, cold resistance 1, negative energy resistance 3, inhibited
regeneration, torment resistance 2
a: Renounce Religion


You were on level 5 of the Dungeon.
You worshipped Vehumet.
Vehumet was noncommittal.
You visited 2 branches of the dungeon, and saw 7 of its levels.

You collected 128 gold pieces.

Inventory:

Armour
 i - a +0 pair of boots (worn)
 s - the +1 leather armour "Echemaim" (worn) {Regen+}
   (You found it on level 4 of the Dungeon)

   Regen:     It increases your rate of health regeneration.
Jewellery
 c - a ring of resist corrosion (left claw)
 e - a ring of wizardry (right claw)
Wands
 j - a wand of flame (30)
 n - a wand of mindburst (10)
 o - a wand of iceblast (5)
Scrolls
 a - a scroll of brand weapon {unknown}
 f - 2 scrolls of magic mapping {unknown}
 g - a scroll of identify {unknown}
 h - 3 scrolls of enchant weapon {unknown}
 k - a scroll of acquirement {unknown}
 m - a scroll of teleportation {unknown}
 p - a scroll of noise {unknown}
 t - a scroll of fear {unknown}
Potions
 b - 2 potions of heal wounds {unknown}
 d - 2 potions of curing {unknown}
 l - a potion of might {unknown}
 q - a potion of lignification {unknown}
 r - a potion of magic {unknown}


   Skills:
 + Level 3.5 Dodging
 - Level 2.1 Stealth
 * Level 4.3 Spellcasting
 * Level 6.9 Ice Magic
 + Level 1.8 Evocations


You had 3 spell levels left.
You knew the following spells:

 Your Spells              Type           Power      Damage    Failure   Level
a - Freeze                Ice            76%        1d9       1%          1
b - Frozen Ramparts       Ice            38%        1d5       1%          3
c - Ozocubu's Armour      Ice            19%        N/A       1%          3
d - Hailstorm             Conj/Ice       10%        3d5       26%         4

Your spell library contained the following spells:

 Spells                   Type           Power      Damage    Failure   Level
 Ensorcelled Hibernation  Hex/Ice        20%        N/A       4%          2
 Passwall                 Tmut/Erth      1%         N/A       16%         2
 Swiftness                Air            2%         N/A       32%         3
 Anguish                  Hex/Necr       1%         N/A       69%         4
 Summon Hydra             Summ           1%         N/A       100%        7
 Sublimation of Blood     Necr           Unusable   N/A       N/A         2
 Wereblood                Tmut           Unusable   N/A       N/A         2
 Spider Form              Tmut/Pois      Unusable   N/A       N/A         3

Dungeon Overview and Level Annotations

Branches:
Dungeon (6/15)             Temple (1/1) D:4

Altars:
Ashenzari
Cheibriados
Fedhas
Gozag
Kikubaaqudgha
Makhleb
Nemelex Xobeh
Qazlal
Ru
Trog
Uskayaw
Vehumet
Wu Jian
Xom
Yredelemnul
The Shining One

Shops:
D:3 *

Annotations:
D:3 1 exclusion


Innate Abilities, Weirdness & Mutations

You thrive by killing the living.
You are immune to poison.
You have sharp fingernails.
Your flesh is cold resistant. (rC+)
You are immune to negative energy. (rN+++)
You do not regenerate when monsters are visible.
You are immune to unholy pain and torment.


Message History

Press: ? - help, Dir - look around, f - activate You miscast Hailstorm.
You are very lightly contaminated with residual magic.
Your claws feel numb with cold!
You resist.
The necrophage hits you but does no damage.
Unknown command.
Unknown command.
Found a stone staircase leading down.
Found a scroll labelled BIXIPL GEOPEBI and a scroll labelled SIUGYH QISAITTA.
A hound zombie comes into view.
Found 18 stones.
There is a stone staircase leading down here.
The necrophage hits you but does no damage.
You climb downwards.
There is a stone staircase leading up here.
You barely miss the necrophage.
The necrophage is moderately damaged.
The necrophage misses you.
Your magical contamination has completely faded away.
You scratch the necrophage.
The necrophage is heavily damaged.
The necrophage hits you.
* * * LOW HITPOINT WARNING * * *
The necrophage hits you!
* * * LOW HITPOINT WARNING * * *
You climb upwards.
The hound zombie barely misses you. The adder barely misses you.
The hound zombie bites you.
* * * LOW HITPOINT WARNING * * *
There is a stone staircase leading down here.
The hound zombie barely misses you.
The necrophage hits you but does no damage.
The adder bites you but does no damage. The necrophage closely misses you.
Casting: Hailstorm (quite dangerous; 26% risk of failure)
Confirm with . or Enter, or press ? or * to list all spells.
Casting: Frozen Ramparts (safe; 1% risk of failure)
Press: ? - help, Dir - look around, f - activate The walls around you are covered in ice.
The wall freezes the adder.
The adder seems to slow down.
The adder bites you.
You die...

#..................#
#...###.####.#######
#... #.# #.# ####
#.. #.# .... #.#
#......#.#
#......#.#
#......#.#
#......#@# .
#......#S# .#
#......#.# ...
#......#n# ....
.....?..Z# .....
.........#......
.?...##.>.......
#### ####......
......


You could see a necrophage, an adder (slow) and a hound zombie.

Vanquished Creatures
  3 ogres (D:5)
  A centaur (D:5)
  A water moccasin skeleton (D:5)
  A bullfrog zombie (D:5)
  A hound (D:5)
  An orc priest (D:3)
  Ijyb (D:4)
  Natasha (thrice) (D:2)
  2 adders
  A worm (D:3)
  2 dart slugs
  9 orcs
  5 bats
  4 endoplasms
  4 giant cockroaches
  3 goblins
  6 hobgoblins
  6 jackals
  5 quokkas
  8 ball pythons
  2 frilled lizards
  2 kobolds (D:3)
  4 rats
75 creatures vanquished.

Notes
Turn   | Place    | Note
-------+----------+-------------------------------------------
     0 | D:1      | Zeld the Ghoul Ice Elementalist began the quest for the
                  | Orb.
     0 | D:1      | Reached XP level 1. HP: 14/14 MP: 2/2
   556 | D:1      | Reached XP level 2. HP: 20/20 MP: 0/4
  1241 | D:1      | Found a faded altar of an unknown god.
  1276 | D:1      | Found a faded altar of an unknown god.
  1689 | D:2      | Reached XP level 3. HP: 22/26 MP: 1/5
  1693 | D:2      | Learned a level 3 spell: Frozen Ramparts
  2041 | D:2      | Noticed Natasha
  2364 | D:2      | Reached skill level 5 in Ice Magic
  2436 | D:2      | Killed Natasha
  2437 | D:2      | Reached XP level 4. HP: 21/33 MP: 0/7
  2509 | D:2      | Learned a level 3 spell: Ozocubu's Armour
  2818 | D:2      | Noticed Natasha
  2823 | D:2      | Killed Natasha
  3250 | D:2      | Noticed Natasha
  3256 | D:2      | Killed Natasha
  3569 | D:3      | Reached XP level 5. HP: 38/38 MP: 6/8
  4092 | D:3      | Found Koevopuoca's General Store.
  4818 | D:3      | Found a burning altar of Makhleb.
  5028 | D:4      | Found a staircase to the Ecumenical Temple.
  5044 | Temple   | Entered the Ecumenical Temple
  5182 | Temple   | Became a worshipper of Vehumet
  5339 | D:4      | Noticed a phantom
  5726 | D:4      | Noticed Ijyb
  5734 | D:4      | Killed Ijyb
  5735 | D:4      | Reached XP level 6. HP: 45/45 MP: 8/10
  5806 | D:4      | Learned a level 4 spell: Hailstorm
  5914 | D:3      | HP: 2/45 [phantom (5)]
  5928 | D:4      | HP: 1/45 [giant cockroach (1)]
  6335 | D:4      | Identified the +1 leather armour "Echemaim" {Regen+}
  6443 | D:5      | Entered Level 5 of the Dungeon
  6472 | D:5      | HP: 2/45 [centaur/arrow (14)]
  6626 | D:5      | Reached skill level 6 in Ice Magic
  6662 | D:5      | Reached skill level 1 in Evocations
  6966 | D:5      | Reached XP level 7. HP: 35/50 MP: 10/12
  7207 | D:5      | HP: 2/50 [hound zombie (1)]
  7214 | D:5      | Slain by an adder

Illustrated notes

Levels and vault maps discovered:
D:1:      giann_forest_graveyard, layout_basic,
          hellmonk_ecumenical_altar_the_god_not_taken
D:2:      layout_basic, minivault_23, uniq_natasha
D:3:      layout_basic, demons_altar, serial_shops, shop
D:4:      layout_cave_pools, kennysheep_mini, temple_doors_cd, uniq_ijyb
D:5:      layout_basic
D:6:      layout_basic, overflow_temple_1_default, serial_shops, shop,
          minmay_pentangle
Temple:   dpeg_chambers_temple

Skill      XL: |  1  2  3  4  5  6 |
---------------+-------------------+-----
Spellcasting   | 2 3 4 |  4.3
Dodging        | 2 3 |  3.5
Ice Magic      | 5 6 |  6.9
Evocations     | 1 |  1.8
Stealth        | |  2.1

Action                   |  1- 3 |  4- 6 |  7- 9 || total
-------------------------+-------+-------+-------++-------
Melee: Unarmed           |    51 |    73 |    21 ||   145
       Punch             |       |       |     1 ||     1
 Cast: Freeze            |    52 |    62 |     9 ||   123
       Frozen Ramparts   |     1 |     8 |     2 ||    11
       Hailstorm         |       |     2 |       ||     2
       Ozocubu's Armour  |       |     1 |     1 ||     2
 Stab: Sleeping          |     2 |     1 |       ||     3
Armor: Robe              |    27 |    14 |       ||    41
       Leather armour    |       |    17 |    11 ||    28
Dodge: Dodged            |    62 |    90 |    23 ||   175
